 Dungeon Crawl Stone Soup version bcrawl-1.28.1b (webtiles) character file.

Game seed: 8520973078327039024

146303 Morbidden the Skirmisher (level 3, -4/33 HPs)
             Began as a Djinni Fighter on Dec 21, 2020.
             Was an Initiate of Vehumet.
             Slain by a gnoll
             ... wielding a +0 flail
              (8 damage)
             ... on level 2 of the Dungeon.
             The game lasted 00:01:23 (905 turns).

Morbidden the Skirmisher (Djinni Fighter)            Turns: 905, Time: 00:01:24

Health: -4/33      AC:  6    Str: 18    XL:     3   Next: 50%
Magic:  4/4        EV:  5    Int: 11    God:    Vehumet [......]
Gold:   102        SH:  9    Dex: 10    Spells: 4/4 levels left

rFire    . . .     SeeInvis .   a - +0 long sword
rCold    . . .     Gourm    .   c - +0 medium shield
rNeg     . . .     Faith    .   b - +0 scale mail
rPois    .         Spirit   .   (no helmet)
rElec    .         Reflect  .   (no cloak)
rCorr    .         Harm     .   (no gloves)
MR       .....     Rnd*Rage +   (boots unavailable)
Stlth    ..........             (no amulet)
HPRegen  0.11/turn              (no ring)
MPRegen  0.09/turn              (no ring)

@: flying
A: never pass out, berserk 2, blurry vision 2, wild magic 1, MP-powered wands,
floating
a: Renounce Religion


You were on level 2 of the Dungeon.
You worshipped Vehumet.
Vehumet was noncommittal.
You were not hungry.

You visited 1 branch of the dungeon, and saw 2 of its levels.

You collected 102 gold pieces.

Inventory:

Hand Weapons
 a - a +0 long sword (weapon)
Armour
 b - a +0 scale mail (worn)
 c - a +0 medium shield (worn)
Jewellery
 k - a +4 ring of dexterity {unknown}
Scrolls
 f - 2 scrolls of identify
 g - 2 scrolls of remove curse {unknown}
 i - a scroll of magic mapping {unknown}
Potions
 d - a potion of might
 j - 2 potions of resistance {unknown}
Comestibles
 e - 2 rations {!d}
 h - a chunk of flesh


   Skills:
 * Level 3.7 Fighting
 + Level 2.6 Long Blades
 + Level 3.0 Armour
 * Level 0.5 Dodging
 * Level 3.1 Shields
 * Level 1.1 Spellcasting


You had 4 spell levels left.
You didn't know any spells.
Your spell library was empty.

Dungeon Overview and Level Annotations

Branches:
Dungeon (2/12)

Altars:
Gozag
Vehumet


Innate Abilities, Weirdness & Mutations

You never pass out after going berserk.
You often lose your temper in combat.
Scrolls take you longer to read.
Your spells are a little harder to cast, but a little more powerful.
You expend magic power (3 MP) to strengthen your wands.
Your body floats in the air.


Message History

There is an open door here.
A dart slug comes into view.
You block the gnoll's attack. You block the leopard gecko's attack.
You see here a blackened silver ring.
k - a blackened silver ring You block the leopard gecko's attack.
The gnoll hits you but does no damage. The leopard gecko bites you.
The dart slug launches a dart at you. The slug dart hits you.
* * * LOW HITPOINT WARNING * * *
You block the leopard gecko's attack. You block the gnoll's attack.
You block the leopard gecko's attack. The leopard gecko barely misses you.
There is an escape hatch in the floor here.
The leopard gecko bites you.
* * * LOW HITPOINT WARNING * * *
The gnoll hits you with a +0 flail!
You die...

##..8......gJ.
#..._..#####+# #......#
. #......# ..
#############.....###...
............)...........
.......................
#...........##........
#.....@.....##.#######
#....ggl....##....#
#.....r.....##....#
######..J........##....#
#.......g..########....#
#......?w.......# #....#
#...............#
#J.รท.#
#.......##......# #.####
#......!######### #.#


You could see 3 gnolls, an ooze, a dart slug, a leopard gecko and a rat.

Vanquished Creatures
  2 gnolls (D:2)
  An ooze (D:1)
  2 dart slugs
  A leopard gecko (D:2)
  2 giant cockroaches (D:1)
  3 goblins (D:1)
  2 hobgoblins (D:1)
  A quokka (D:2)
  A bat (D:1)
  2 kobolds
  5 rats
22 creatures vanquished.

Notes
Turn   | Place    | Note
-------+----------+-------------------------------------------
     0 | D:1      | Morbidden the Djinni Fighter began the quest for the Orb.
     0 | D:1      | Reached XP level 1. HP: 19/19 MP: 1/1
   113 | D:1      | Reached XP level 2. HP: 15/26 MP: 2/2
   719 | D:2      | Found an opulent altar of Gozag.
   721 | D:2      | Found a radiant altar of Vehumet.
   740 | D:2      | Became a worshipper of Vehumet
   767 | D:2      | Reached XP level 3. HP: 30/33 MP: 4/4
   789 | D:2      | Reached skill level 1 in Spellcasting
   905 | D:2      | Slain by a gnoll

Skill      XL: |  1  2  3 |
---------------+----------+-----
Shields        | 3 |  3.1
Armour         | 3 |  3.0
Spellcasting   | 1 |  1.1
Fighting       | |  3.7
Long Blades    | |  2.6
Dodging        | |  0.5

Action                   || total
-------------------------++-------
Melee: Long sword        ||    91
  Eat: Chunk             ||     3
Armor: Scale mail        ||    26
Dodge: Dodged            ||    23
Block: Medium shield     ||    54
